 Dungeon Crawl Stone Soup version 0.29-a0-483-g69413ace17 (webtiles) character file.

Game seed: 2923517168336709537

46 Ragain the Firebug (level 3, 0/19 HPs)
             Began as a Gargoyle Fire Elementalist on May 25, 2022.
             Slain by a gnoll
             ... wielding a +0 spear
              (5 damage)
             ... on level 2 of the Dungeon.
             The game lasted 00:04:00 (846 turns).

Ragain the Firebug (Gargoyle Fire Elementalist)      Turns: 846, Time: 00:04:00

Health: 0/19       AC:  5    Str: 11    XL:     3   Next: 66%
Magic:  4/6        EV: 12    Int: 17    God:
Gold:   80         SH:  0    Dex: 10    Spells: 6/7 levels left

rFire   . . .      SeeInvis .   i - +1 dagger (venom)
rCold   . . .      Faith    .   (no shield)
rNeg    + . .      Spirit   .   a - +0 robe
rPois   ∞          Reflect  .   (no helmet)
rElec   +          Harm     .   (no cloak)
rCorr   .          Rampage  .   (no gloves)
Will    .....                   (no boots)
Stlth   ++........              (no amulet)
HPRegen 0.06/turn               (no ring)
MPRegen 0.10/turn               (no ring)

@: no status effects
A: sickness immunity, AC +3, negative energy resistance 1, electricity
resistance, torment resistance 1, petrification resistance
a: no special abilities


You were on level 2 of the Dungeon.
You visited 1 branch of the dungeon, and saw 2 of its levels.

You collected 80 gold pieces.

Inventory:

Hand Weapons
 c - a +1 mace of protection
 i - a +1 dagger of venom (weapon)
Armour
 a - a +0 robe (worn)
Scrolls
 d - a scroll of identify {unknown}
 h - 2 scrolls of blinking {unknown}
 j - a scroll of enchant armour {unknown}
Potions
 b - a potion of magic
 e - a potion of berserk rage {unknown}
 f - a potion of heal wounds {unknown}
 g - a potion of lignification {unknown}
 k - a potion of resistance {unknown}
 l - 2 potions of curing {unknown}


   Skills:
 + Level 0.3 Short Blades
 * Level 2.0 Dodging
 + Level 2.5 Stealth
 * Level 2.5 Spellcasting
 + Level 1.5 Conjurations
 * Level 3.4 Fire Magic


You had 6 spell levels left.
You knew the following spells:

 Your Spells              Type           Power      Damage    Failure   Level
a - Foxfire               Conj/Fire      40%        2x1d6     7%          1

Your spell library contained the following spells:

 Spells                   Type           Power      Damage    Failure   Level
 Scorch                   Fire           26%        2d6       7%          2
 Conjure Flame            Conj/Fire      10%        6-21      21%         3
 Inner Flame              Hex/Fire       7%         N/A       28%         3
 Flame Wave               Conj/Fire      10%        2d5       54%         4
 Olgreb's Toxic Radiance  Pois           2%         N/A       88%         4
 Ozocubu's Refrigeration  Ice            1%         4d5       100%        7
 Ignition                 Fire           6%         3d4       100%        8


Dungeon Overview and Level Annotations

Branches:
Dungeon (2/15)

Altars:


Innate Abilities, Weirdness & Mutations

You are immune to sickness and miasma.
Your stone body is resilient. (AC +3)
You are immune to poison.
You resist negative energy. (rN+)
You are resistant to electric shocks. (rElec)
You are resistant to unholy torment.
You are immune to petrification.


Message History

Found the Unrestrained Analects.
The gnoll attacks as you move away! The gnoll completely misses you.
You hit the gnoll but do no damage.
The gnoll is almost dead.
You kill the gnoll!
The gnoll completely misses you.
Your Dodging skill increases to level 2!
The gnoll hits you with a +0 spear. The gnoll barely misses you.
The gnoll closely misses you.
You barely miss the gnoll. The gnoll barely misses you.
You hit the gnoll.
The gnoll is poisoned.
The gnoll is lightly wounded.
The gnoll closely misses you.
You barely miss the gnoll.
The gnoll is lightly wounded.
The gnoll misses you.
You hit the gnoll.
The gnoll looks as sick as possible!
The gnoll is lightly wounded.
The gnoll closely misses you.
You hit the gnoll.
The gnoll is severely wounded.
The gnoll hits you with a +0 spear.
You barely miss the gnoll.
The gnoll is severely wounded.
The gnoll hits you but does no damage.
The gnoll hits you from afar with a +0 spear.
You kill the gnoll!
You see here the Unrestrained Analects.
You pick up the Unrestrained Analects and begin reading...
You add the spells Olgreb's Toxic Radiance, Ozocubu's Refrigeration and Ignition to your library.
The goblin barely misses you. The gnoll barely misses you.
You hit the goblin.
The goblin is poisoned.
The goblin is severely wounded.
The goblin hits you but does no damage. The gnoll hits you but does no damage.
You kill the goblin!
The gnoll hits you from afar with a +0 spear.
* * * LOW HITPOINT WARNING * * *
The gnoll hits you with a +0 spear.
You die...

### +.# #@#
#g# #K# #.#
... #####)##
....
+......+.>..!
###.#.##.....
+.#.#.##.....
#.#+#........


You could see a gnoll and a kobold.

Vanquished Creatures
  2 gnolls (D:2)
  2 endoplasms (D:1)
  A giant cockroach (D:1)
  5 goblins
  5 hobgoblins
  2 quokkas
  2 ball pythons
  2 frilled lizards (D:1)
  2 kobolds
  A rat (D:1)
24 creatures vanquished.

Vanquished Creatures (others)
  35 foxfires
35 creatures vanquished.

Grand Total: 59 creatures vanquished

Notes
Turn   | Place    | Note
-------+----------+-------------------------------------------
     0 | D:1      | Ragain the Gargoyle Fire Elementalist began the quest for
                  | the Orb.
     0 | D:1      | Reached XP level 1. HP: 10/10 MP: 3/3
   203 | D:1      | Reached XP level 2. HP: 15/15 MP: 0/5
   800 | D:2      | Reached XP level 3. HP: 19/19 MP: 3/6
   846 | D:2      | Slain by a gnoll

Illustrated notes

Levels and vault maps discovered:
D:1:      wander_arrival_peaceful_grave, layout_rooms
D:2:      layout_basic, basic_ecumenical_altar, minivault_4

Skill      XL: |  1  2  3 |
---------------+----------+-----
Dodging        | 2 |  2.0
Short Blades   | |  0.3
Stealth        | |  2.5
Spellcasting   | |  2.5
Conjurations   | |  1.5
Fire Magic     | |  3.4

Action                   || total
-------------------------++-------
Melee: Hand axe          ||     8
       Dagger            ||    18
 Cast: Foxfire           ||    21
Armor: Robe              ||     8
Dodge: Dodged            ||    22

Table legend: (Time is in decaauts)
 A = Elapsed time spent in this place.
 B = Non-inter-level travel time spent in this place.
 C = Inter-level travel time spent in this place.
 D = Time resting spent in this place.
 E = Time spent auto-exploring this place.
 F = Levels seen in this place.
 G = Mean time per level.
                   A        B        C        D        E       F      G
               +--------+--------+--------+--------+--------+-----+--------+
         Total |    847 |    792 |     55 |      0 |    583 |   2 |  423.5 |
       Dungeon |    847 |    792 |     55 |      0 |    583 |   2 |  423.5 |
               +--------+--------+--------+--------+--------+-----+--------+

Top non-repeatable levels by time:
     D:1: 788 daAuts
     D:2: 58 daAuts
